 Dungeon Crawl Stone Soup version 0.29.1-2-gbd0b4ee654 (webtiles) character file.

Game seed: 13681444749893771244

22 sanboga the Covered (level 3, -4/31 HPs)
             Began as a Meteoran Fighter on Nov 20, 2022.
             Slain by Pikel
             ... wielding a +0 whip of flaming
              (7 damage)
             ... on level 4 of the Dungeon.
             The game lasted 00:02:22 (340 turns).

sanboga the Covered (Meteoran Fighter)               Turns: 340, Time: 00:02:23

Health: -4/31      AC:  7    Str: 19    XL:     3   Next: 23%
Magic:  4/4        EV:  9    Int: 10    God:
Gold:   62         SH:  5    Dex: 13    Spells: 2/2 levels left

rFire   . . .      SeeInvis .   a - +0 flail
rCold   . . .      Faith    .   c - +0 buckler
rNeg    . . .      Spirit   .   b - +0 scale mail
rPois   .          Reflect  .   (no helmet)
rElec   .          Harm     .   (no cloak)
rCorr   .          Rampage  .   (no gloves)
Will    .....                   (no boots)
Stlth   ..........              (no amulet)
HPRegen 0.10/turn               (no ring)
MPRegen 0.09/turn               (no ring)

@: glowing
A: sense surroundings 1, otherworldly, glowing, explore regen
a: no special abilities


You were on level 4 of the Dungeon.
You visited 1 branch of the dungeon, and saw 4 of its levels.

You collected 62 gold pieces.

Inventory:

Hand Weapons
 a - a +0 flail (weapon)
Armour
 b - a +0 scale mail (worn)
 c - a +0 buckler (worn)
Potions
 d - a potion of might
 f - a potion of cancellation


   Skills:
 + Level 3.5 Fighting
 + Level 3.2 Maces & Flails
 + Level 4.0 Armour
 + Level 4.0 Shields


You had 2 spell levels left.
You didn't know any spells.
Your spell library was empty.

Dungeon Overview and Level Annotations

Branches:
Dungeon (4/15) Zot: 2046
 Temple: D:4-7

Altars:
Sif Muna

Annotations:
D:4 Natasha, Pikel


Innate Abilities, Weirdness & Mutations

You passively map a small area around you.
You are easily found by Zot.
You glow in the dark.
You regain HP and MP as you explore.


Message History

The lemure attacks as you move away! The lemure closely misses you.
Natasha mumbles some strange words.
Natasha extends her claws.
Pikel attacks as you move away!
Pikel hits you with a +0 whip of flaming.
Pikel burns you.
Pikel cracks his whip.
Pikel attacks as you move away! Pikel hits you but does no damage.
Pikel says, "You'll feel the lick of my whip!"
Pikel attacks as you move away! Pikel barely misses you.
Pikel attacks as you move away!
Pikel hits you with a +0 whip of flaming.
Pikel burns you.
Natasha howls an incantation.
Natasha glows brightly for a moment.
Found a scroll of identify.
Found a scroll of identify.
You thump Pikel!
Pikel is lightly wounded.
Pikel hits you with a +0 whip of flaming.
Pikel burns you.
Pikel hits you with a +0 whip of flaming.
Pikel burns you.
You completely miss Pikel.
Pikel is lightly wounded.
Pikel says, "I touched Geryon's horn once."
Pikel hits you with a +0 whip of flaming!
* * * LOW HITPOINT WARNING * * *
Pikel burns you.
* * * LOW HITPOINT WARNING * * *
The lemure closely misses you.
You are too injured to fight recklessly!
You hit Pikel.
Pikel is moderately wounded.
Pikel barely misses you. The lemure completely misses you.
Natasha mumbles some strange words.
You hit Pikel.
Pikel is moderately wounded.
Pikel hits you with a +0 whip of flaming!
You die...

* , , , , ##.....#
, , .?..... , . ,
* .....# ?. , #. ,
#....# ##. . ##.
#....#... .. ,
+... #....#.##...
#..# #...........
,... #...@#..# ,,
#. ####K5..#*
,,,#. #5##.# .# #.
#h# # ,,,.#.#.##.
#5# * ....... #5#
* ##.#.... #5# ,
....... #.# *
*#.#....
#.##########.#.###


You could see Pikel, 4 lemures, Natasha and a crimson imp (summoned).

Vanquished Creatures
  A worm (D:4)
  3 orcs (D:3)
  2 goblins (D:3)
  4 hobgoblins (D:3)
  2 quokkas (D:3)
  2 rats (D:3)
14 creatures vanquished.

Notes
Turn   | Place    | Note
-------+----------+-------------------------------------------
     0 | D:1      | sanboga the Meteoran Fighter began the quest for the Orb.
     0 | D:1      | Reached XP level 1. HP: 19/19 MP: 2/2
   155 | D:3      | Found a shimmering blue altar of Sif Muna.
   173 | D:3      | Reached XP level 2. HP: 25/26 MP: 3/3
   232 | D:3      | Reached XP level 3. HP: 6/31 MP: 4/4
   297 | D:4      | Noticed Pikel
   297 | D:4      | Noticed a lemure
   297 | D:4      | Noticed a lemure
   298 | D:4      | Noticed a lemure
   298 | D:4      | Noticed Natasha
   303 | D:4      | Noticed a lemure
   340 | D:4      | Slain by Pikel

Illustrated notes

Levels and vault maps discovered:
D:1:      minmay_arrival_jagged, layout_loops_ring,
          hellmonk_ecumenical_altar_blasted
D:2:      layout_loops_corners, grunt_ministairs_4, minivault_24
D:3:      layout_loops_cross, mainiacjoe_overflow_boulevard, led_sif_pool,
          nicolae_overflow_ecumenical_swirl, guppyfry_early_orc_mine
D:4:      layout_basic, marbit_many_paths, uniq_pikel, uniq_natasha,
          uniq_crazy_yiuf_cottage, uniq_grinder

Skill      XL: |  1  2  3 |
---------------+----------+-----
Maces & Flails | 3 |  3.2
Armour         | 4 |  4.0
Shields        | 4 |  4.0
Fighting       | |  3.5

Action                   || total
-------------------------++-------
Melee: Flail             ||    45
  Use: Scroll            ||     1
Armor: Scale mail        ||    13
Dodge: Dodged            ||    23
Block: Buckler           ||    20
